 Dungeon Crawl Stone Soup version 0.31-a0-986-g5e6e4ef867 (webtiles) character file.

Game seed: 10623108898629863574

543 bmb222 the Sneak (level 7, -6/44 HPs)
             Began as an Octopode Shapeshifter on Nov 25, 2023.
             Mangled by Edmund
             ... wielding a +1 dire flail of protection
              (13 damage)
             ... on level 4 of the Dungeon.
             The game lasted 00:03:59 (4068 turns).

bmb222 the Sneak (Octopode Shapeshifter)            Turns: 4068, Time: 00:04:00

Health: -6/44      AC:  1    Str: 13    XL:     7   Next: 27%
Magic:  7/7        EV: 13    Int: 13    God:
Gold:   239        SH:  0    Dex: 13    Spells: 6/6 levels left

rFire   . .          .
                       - Unarmed
rCold   . . .        (no shield)
rNeg    . . .        (helmet currently unavailable)
rPois   .            (no amulet)
rElec   .            (no ring)
rCorr   .            (no ring)
SInv    .            (no ring)
Will    .....        (no ring)
Stlth   ++++         (no ring)
HPRegen 0.27/turn    (no ring)
MPRegen 0.10/turn    (no ring)
                     (no ring)

%: no passive effects
@: beast-form
A: beast (slay +1), almost no armour, amphibious, 8 rings, camouflage 1,
gelatinous body 1, (nimble swimmer 1), tentacles
a: Begin Untransformation


You were on level 4 of the Dungeon.
You were a hulking beast.
You visited 1 branch of the dungeon, and saw 5 of its levels.

You collected 239 gold pieces.

Inventory:

Missiles
 u - a throwing net
Jewellery
 s - an amulet of faith
Talismans
 b - a beast talisman
 c - a flux talisman
Scrolls
 d - 2 scrolls of revelation {unknown}
 g - 2 scrolls of poison {unknown}
 h - a scroll of enchant weapon {unknown}
 k - 4 scrolls of immolation {unknown}
 l - 2 scrolls of identify {unknown}
 n - 2 scrolls of noise {unknown}
 o - a scroll of silence {unknown}
 p - a scroll of teleportation {unknown}
 r - a scroll of enchant armour {unknown}
 t - a scroll of blinking {unknown}
Potions
 a - a potion of lignification
 e - a potion of degeneration {unknown}
 f - 2 potions of enlightenment {unknown}
 i - 3 potions of haste {unknown}
 j - a potion of mutation {unknown}
 m - a potion of magic {unknown}
 q - a potion of brilliance {unknown}


   Skills:
 + Level 1.7 Fighting
 + Level 3.0 Dodging
 - Level 6.1 Stealth
 + Level 6.1 Unarmed Combat
 - Level 3.0 Shapeshifting


You had 6 spell levels left.
You didn't know any spells.
Your spell library contained the following spells:

 Spells                   Type           Power      Damage    Failure   Level
 Apportation              Tloc           0%         N/A       30%         1
 Jinxbite                 Hex            0%         N/A       43%         2
 Olgreb's Toxic Radiance  Pois           0%         N/A       97%         4
 Alistair's Intoxication  Tmut/Pois      0%         N/A       100%        5
 Simulacrum               Ice/Necr       0%         N/A       100%        6
 Ozocubu's Refrigeration  Ice            0%         4d7       100%        7
 Discord                  Hex            0%         N/A       100%        8
 Ignition                 Fire           0%         3d3       100%        8
 Polar Vortex             Ice            0%         N/A       100%        9


Dungeon Overview and Level Annotations

Branches:
Dungeon (5/15)
 Temple: D:4-7

Altars:
Uskayaw

Annotations:
D:4 Edmund
D:5 Menkaure


Innate Abilities, Weirdness & Mutations

You are a hulking beast.
Your limbs bulge with bestial killing power. (Slay +1)
You cannot wear most types of armour.
You are amphibious.
You can wear up to eight rings at the same time.
Your skin changes colour to match your surroundings (Stealth+).
Your rubbery body absorbs attacks. (AC +1, EV +1)
((You are camouflaged when in or above water. (Stealth+)))
You have tentacles for arms and can constrict up to eight enemies at once.


Message History

Edmund attacks as he pursues you! Edmund closely misses you.
Edmund attacks as he pursues you! Edmund misses you.
Edmund attacks as he pursues you!
Edmund hits you with a +1 dire flail of protection!
Edmund attacks as he pursues you! Edmund closely misses you.
Okay, then.
You bludgeon Edmund! You grab Edmund.
Edmund is moderately wounded.
You constrict Edmund, but do no damage.
You tentacle-slap Edmund but do no damage.
Edmund is moderately wounded.
You constrict Edmund, but do no damage. Edmund misses you.
You tentacle-slap Edmund but do no damage.
Edmund is moderately wounded.
You constrict Edmund.
Edmund hits you with a +1 dire flail of protection!
You barely miss Edmund.
Edmund is moderately wounded.
You constrict Edmund, but do no damage. Edmund misses you.
You tentacle-slap Edmund.
Edmund is moderately wounded.
You constrict Edmund.
Edmund hits you with a +1 dire flail of protection!
* * * LOW HITPOINT WARNING * * *
You tentacle-slap Edmund but do no damage.
Edmund is moderately wounded.
You constrict Edmund. Edmund closely misses you.
You tentacle-slap Edmund but do no damage.
You squeeze Edmund.
Edmund is heavily wounded.
You constrict Edmund.
Edmund hits you with a +1 dire flail of protection.
* * * LOW HITPOINT WARNING * * *
You tentacle-slap Edmund but do no damage.
You squeeze Edmund, but do no damage.
Edmund is severely wounded.
You constrict Edmund.
Edmund hits you with a +1 dire flail of protection!
You die...
Edmund says, "That'll show my brother!"

## ### ### .# #.# #.# .#
#.#############.# .#
#...............#
.######.#############.# ........#
##.###### .##############
#.......#
..........#...######....##.######
.###............h@......+.......>
.#...####...#.######....##.#####.
...........#########....##.# #.
.##.######.#....#..#######.#####.
.#..## #.#..#.#................
.#...#####.'.#).##.#######.#####.
.#.#....)..#....##.# #<#.......
.#.........#######.# #.#######.
...............#.#.#####.# #.


You could see Edmund.

Vanquished Creatures
  A black bear (D:4)
  A phantom (D:4)
  A scorpion (D:4)
  2 hounds (D:4)
  2 orc priests (D:4)
  An iguana (D:5)
  Robin (D:2)
  5 gnolls (D:4)
  3 adders
  2 worms
  4 dart slugs
  3 orcs
  5 ball pythons
  10 endoplasms
  2 giant cockroaches (D:1)
  14 goblins
  8 hobgoblins
  2 jackals (D:1)
  5 quokkas
  5 bats
  4 frilled lizards
  7 kobolds
  4 rats
92 creatures vanquished.

Notes
Turn   | Place    | Note
-------+----------+-------------------------------------------
     0 | D:1      | bmb222 the Octopode Shapeshifter began the quest for the
                  | Orb.
     0 | D:1      | Reached XP level 1. HP: 13/13 MP: 1/1
   127 | D:1      | Reached XP level 2. HP: 18/18 MP: 2/2
   238 | D:1      | Reached skill level 1 in Stealth
   328 | D:1      | Reached XP level 3. HP: 17/23 MP: 3/3
   457 | D:1      | Found a faded altar of an unknown god.
   777 | D:2      | Noticed Robin
  1456 | D:2      | Killed Robin
  1457 | D:2      | Reached XP level 4. HP: 25/28 MP: 4/4
  2674 | D:4      | Reached XP level 5. HP: 24/33 MP: 5/5
  2820 | D:4      | Identified the +7 short sword "Surelases" {antimagic, rF+}
  2887 | D:4      | Noticed a black bear
  2896 | D:4      | Killed a black bear
  2897 | D:4      | Reached skill level 5 in Stealth
  2897 | D:4      | Reached skill level 5 in Unarmed Combat
  2897 | D:4      | Reached XP level 6. HP: 27/38 MP: 6/6
  3306 | D:4      | Reached XP level 7. HP: 33/43 MP: 7/7
  3824 | D:5      | Entered Level 5 of the Dungeon
  3833 | D:5      | Found a hide-covered altar of Uskayaw.
  4035 | D:5      | Noticed Menkaure
  4036 | D:5      | Noticed Edmund
  4068 | D:4      | Mangled by Edmund

Illustrated notes

Levels and vault maps discovered:
D:1:      erik_arrival_cave_to_civilisation [erik_arrival_cave_to_hall],
          layout_basic, basic_ecumenical_altar
D:2:      layout_basic, minmay_tromino_i2, uniq_robin
D:3:      layout_basic
D:4:      layout_basic, kennysheep_generic_room_14
D:5:      layout_basic, nicolae_uskayaw_murder_on_the_dancefloor,
          minmay_fractal_squares_gapless_5, uniq_edmund, uniq_menkaure

Skill      XL: |  1  2  3  4  5  6  7 |
---------------+----------------------+-----
Stealth        | 1 2 3 5 6 |  6.1
Unarmed Combat | 4 5 6 |  6.1
Dodging        | 3 |  3.0
Fighting       | |  1.7
Shapeshifting  | |  3.0

Action                     |  1- 3 |  4- 6 |  7- 9 || total
---------------------------+-------+-------+-------++-------
  Melee: Unarmed           |    81 |    83 |    28 ||   192
         Constrict         |    19 |    17 |     8 ||    44
         Tentacles         |     9 |    11 |     7 ||    27
         Punch             |     2 |     1 |     1 ||     4
   Stab: Sleeping          |     6 |    10 |     6 ||    22
 Armour: Skin              |    44 |    37 |    11 ||    92
  Dodge: Dodged            |    57 |    37 |    12 ||   106

Table legend: (Time is in decaauts)
 A = Elapsed time spent in this place.
 B = Non-inter-level travel time spent in this place.
 C = Inter-level travel time spent in this place.
 D = Time resting spent in this place.
 E = Time spent auto-exploring this place.
 F = Levels seen in this place.
 G = Mean time per level.
                   A        B        C        D        E       F      G
               +--------+--------+--------+--------+--------+-----+--------+
         Total |   4055 |   3945 |    110 |    657 |   2553 |   5 |  811.0 |
       Dungeon |   4055 |   3945 |    110 |    657 |   2553 |   5 |  811.0 |
               +--------+--------+--------+--------+--------+-----+--------+

Top non-repeatable levels by time:
     D:1: 1434 daAuts
     D:4: 1293 daAuts
     D:2: 648 daAuts
     D:3: 459 daAuts
     D:5: 219 daAuts
